Map: Acid Plant LE

Players

Bunny

  • Race: Terran Terran
  • League: Diamond
  • Spawn Location: 11:00

ShoWTimE - Winner!

  • Race: Protoss Protoss
  • Spawn Location: 5:00

Event: HomeStory Cup XVIII

VOD

Have the link to the VOD?

Description

Time

  • Played on: Nov. 24, 2018, 9:57 a.m.
  • Length: 5:58

All games in this series

Show
View Real Time Build Order
Export as new Build Order

Bunny Terran 

Build Orders: Reaper Expand 

Get SALT Encoding   

  12  0:00  SCV  
  13  0:12  SCV  
  14  0:17  Supply Depot  
  14  0:24  SCV  
  15  0:38  SCV  
  15  0:39  Barracks  
  16  0:43  Refinery  
  16  0:50  SCV  
  17  1:02  SCV  
  18  1:14  SCV  
  19  1:27  Orbital Command, Reaper  
  20  1:41  Command Center  
  20  1:52  SCV  
  20  1:53  Supply Depot  
  21  1:59  Barracks Reactor  
  21  2:04  SCV  
  22  2:16  SCV  
  22  2:21  Command Center  
  23  2:28  SCV  
  24  2:32  Barracks  
  24  2:35  Marine  
  24  2:37  Marine  
  25  2:40  SCV  
  27  2:52  SCV  
  27  2:53  Orbital Command  
  27  2:55  Marine x2  
  30  2:59  Orbital Command  
  30  3:05  SCV  
  31  3:08  Engineering Bay  
  31  3:13  Marine x2  
  31  3:17  SCV  
  34  3:24  Barracks Tech Lab  
  34  3:25  SCV  
  35  3:29  SCV  
  35  3:31  Marine x2  
  38  3:35  Missile Turret, Orbital Command  
  38  3:38  SCV  
  38  3:41  SCV  
  40  3:43  Stimpack, Marine  
  41  3:49  Marine x2  
  41  3:50  SCV  
  41  3:53  Terran Infantry Weapons Level 1  
  41  3:54  SCV  
  45  3:58  Bunker  
  45  4:00  SCV, Refinery  
  45  4:02  SCV  
  47  4:07  Marine  
  47  4:08  Marine  
  47  4:09  Barracks  
  49  4:14  SCV x3  
  52  4:22  Factory  
  52  4:26  SCV x3, Refinery  
  55  4:32  Marine x3  
  55  4:33  Supply Depot  
  58  4:40  Barracks, Orbital Command  
  58  4:41  Barracks  
  58  4:47  SCV, Supply Depot  
  58  4:48  SCV  
  61  4:55  Marine x3  
  60  5:01  Bunker  
  60  5:02  Bunker  
  57  5:09  Widow Mine  
  57  5:14  Marine x3  
  60  5:17  Marine  
  54  5:26  Marine  
  47  5:31  Marine  
  47  5:32  Marine  
  47  5:33  Marine x2  
  47  5:35  Marine  
  50  5:43  Starport  
Show
View Real Time Build Order
Export as new Build Order

ShoWTimE Protoss - Winner!

Build Orders: 1 Gate Expand, Oracle Opening 

Get SALT Encoding   

  12  0:00  Probe  
  13  0:12  Probe  
  14  0:17  Pylon  
  14  0:24  Probe  
  15  0:32  Probe  
  15  0:38  Gateway  
  15  0:40  Probe  
  16  0:47  Assimilator  
  17  0:51  Probe  
  18  1:03  Probe  
  19  1:15  Probe  
  20  1:25  Nexus  
  20  1:35  Cybernetics Core  
  20  1:38  Probe  
  21  1:43  Assimilator  
  21  1:50  Probe  
  21  1:52  Pylon  
  22  2:02  Probe, Adept  
  23  2:11  Warp Gate  
  23  2:14  Probe  
  26  2:22  Robotics Facility, Adept  
  26  2:26  Probe  
  27  2:33  Probe  
  30  2:38  Probe  
  30  2:41  Probe  
  31  2:48  Sentry  
  31  2:50  Probe  
  31  2:51  Probe  
  36  2:58  Immortal  
  36  3:02  Probe  
  36  3:03  Probe  
  38  3:09  Oracle  
  42  3:19  Gateway  
  42  3:20  Gateway  
  42  3:22  Probe  
  42  3:26  Pylon  
  43  3:27  Warp Prism  
  43  3:29  Probe  
  46  3:44  Probe x2  
  48  3:50  Pylon  
  48  3:56  Probe x2  
  50  4:04  Observer  
  51  4:10  Probe  
  51  4:11  Probe  
  51  4:17  Stalker, Pylon  
  53  4:18  Stalker x2  
  53  4:22  Twilight Council  
  59  4:34  Nexus  
  59  4:41  Stalker x2  
  59  4:42  Zealot  
  59  4:45  Pylon  
  65  4:47  Probe x2  
  67  4:59  Probe x2  
  69  5:09  Adept x3  
  69  5:11  Probe x2  
  69  5:12  Pylon  
  77  5:15  Assimilator  
  73  5:23  Probe  
  73  5:24  Probe  
  73  5:33  Adept x3  
  79  5:40  Forge, Probe x2  
  79  5:41  Forge  
Tags
 
Add a new tag
Caveats
  • Supply blocks, unpowered buildings, or Contaminate may cause inaccurate times.
  • Supply counts are checked every 10 seconds.